Unix NetHack Version 5.0.0-0 post-release - last build May 10 2026 23:12:36 (d1fa5d53e341ca933230fdaa984d921c805b60aa,branch:main).

Game began 2026-05-11 19:56:51, ended 2026-05-13 20:56:26.

BitterJesus, lawful female dwarven Valkyrie

        ---------------
        |.............|
        |......)......-##
        --.------------
          ######
               ##
                #
                #
            ----.----      ----------------
            |.......|      |..............|
            |.......-      |...<..........|
            |.......|      |...............
            |.......-##@#  .'.............|
            |.......|      ----------------
            ---------

BitterJesus the Skirmisher  St:17 Dx:14 Co:19 In:7 Wi:11 Ch:8  Lawful
Dlvl:4  $:106 HP:0(56) Pw:4(4) AC:9  Xp:4/153 T:1774  Stun Hallu

Latest messages:
 Never mind.
 What do you want to zap? [l or ?*] l
 In what direction? l
 The demilich vanishes!
 The demilich touches you!
 The demilich casts a spell at you!
 You feel as if you need some help.
 You feel a malignant aura surround you.
 What do you want to zap? [l or ?*] l
 In what direction? .
 You materialize in a different location!
 You see here 11 arrows.
 You see here 10 gold pieces.
 $ - 10 gold pieces (106 in total).
 You hear some noises in the distance.
 You are in full health.
 You see here 11 arrows.
 This door is locked.
 Unlock it with your lock pick? [ynq] (q) y
 You succeed in picking the lock.
 The door resists!
 The door opens.
 Wait!  There's something there you can't see!
 It touches you!
 Something casts a spell at you!
 You reel...
 You miss it.
 It touches you!
 You hear a mumbled curse.
 You miss it.
 It touches you!
 You miss it.
 It touches you!
 You hear a mumbled curse.
 The massive hammer hits!  Lightning strikes it!
 It touches you!
 What do you want to drink? [mvxELN or ?*] ?
 You feel better.
 It touches you!
 What do you want to drink? [vxELN or ?*] ?
 Oh wow!  Everything looks so cosmic!
 It touches you!
 Something casts a spell at you!
 Your head suddenly aches very painfully!
 You die...
 Do you want your possessions identified? [ynq] (y) y
 Do you want to see your attributes? [ynq] (y) y
 Do you want an account of creatures vanquished? [ynaq] (y) y
 Do you want to see your conduct and achievements? [ynq] (y) y
 Do you want to see the dungeon overview? [ynq] (y) n

Inventory:
 Coins    ('$')
  $ - 106 gold pieces
 Weapons  (')')
  b - a +0 dagger (alternate weapon; not wielded)
  a - a cursed +1 dwarvish spear
  q - the rustproof +0 Mjollnir (weapon in right hand)
 Armor    ('[')
  g - an uncursed +0 orcish helm (being worn)
  c - an uncursed +3 small shield
  u - an uncursed +0 plate mail
 Comestibles  ('%')
  K - an uncursed slime mold
  z - an uncursed carrot
  d - 4 uncursed food rations
  B - an uncursed food ration
  e - 2 uncursed tripe rations
  y - a cursed rotten tin of newt meat
 Scrolls  ('?')
  H - an uncursed scroll of enchant armor
  P - an uncursed scroll of food detection
  r - an uncursed scroll of identify
  J - an uncursed scroll of identify
  A - 2 uncursed scrolls of light
 Potions  ('!')
  x - a blessed potion of extra healing
  L - an uncursed potion of invisibility
  E - an uncursed potion of speed
  N - a potion of unholy water
 Rings    ('=')
  M - a cursed -1 ring of protection
 Wands    ('/')
  l - a wand of teleportation (1:6)
 Tools    ('(')
  j - an uncursed blindfold
  G - an uncursed lock pick

BitterJesus the Valkyrie's attributes:

Background:
 You were a Skirmisher, a level 4 dwarven Valkyrie.
 You were lawful, on a mission for Tyr
 who was opposed by Odin (neutral) and Loki (chaotic).
 You were right-handed.
 You were in the Dungeons of Doom, on level 4.
 You entered the dungeon 1774 turns ago.
 You had 153 experience points, 7 more were needed to attain level 5.

Basics:
 You had 0 out of 56 hit points.
 You had all 4 energy points (spell power).
 Your armor class was 9.
 Your wallet contained 106 cirbozoids.
 Autopickup was off.

Final Characteristics:
 Your strength was 17 (limit:18/100).
 Your dexterity was 14 (limit:20).
 Your constitution was 19 (limit:20).
 Your intelligence was 7 (limit:16).
 Your wisdom was 11 (limit:16).
 Your charisma was 8 (limit:16).

Final Status:
 You were stunned.
 You were hallucinating.
 You weren't hungry.
 You were unencumbered.
 You were wielding a hammer.
 You were unskilled in hammer.

Final Attributes:
 You were devoutly aligned.
 You were cold resistant.
 You had infravision.
 You were stealthy.
 You are dead.

Miscellaneous:
 You didn't encounter any bones levels.
 Total elapsed playing time was 25 minutes and 49 seconds.

Major events:
 Turn
    1: BitterJesus the lawful dwarven Valkyrie entered the dungeon
  961: attained the rank of Skirmisher (level 3)
 1057: was bestowed with Mjollnir by Tyr
 1605: stole 3284 zorkmids worth of merchandise from Chibougamau's general store
 1774: killed by an invisible demilich

You didn't know any spells.

Skills:
 Fighting Skills
   bare handed combat [Unskilled]
   two weapon combat  [Unskilled]
   riding             [Unskilled]
 Weapon Skills
   dagger             [Basic]
   axe                [Unskilled]
   pick-axe           [Unskilled]
   short sword        [Unskilled]
   broadsword         [Unskilled]
   long sword         [Unskilled]
   two-handed sword   [Unskilled]
   saber              [Unskilled]
   hammer             [Unskilled]
   quarterstaff       [Unskilled]
   polearms           [Unskilled]
   spear              [Basic]
   trident            [Unskilled]
   lance              [Unskilled]
   sling              [Unskilled]
 Spellcasting Skills
   attack spells      [Unskilled]
   escape spells      [Unskilled]

Voluntary challenges:
 Character rerolling was not enabled.
 You never genocided any monsters.
 You never polymorphed an object.
 You never changed form.
 You used no wishes.
Achievements:
 You attained the rank of Skirmisher.
 You entered a shop.

 The Dungeons of Doom: levels 1 to 4
    Level 1:
       An altar, some fountains.
    Level 2:
       A fountain.
    Level 3:
       A general store, an altar to Tyr.
    Level 4: <- You were here.
       Final resting place for
          you, killed by an invisible demilich.


Vanquished creatures:
  a small mimic
  a Kop Lieutenant
  2 Kop Sergeants
 an acid blob
  a hobgoblin
  6 giant rats
  3 Keystone Kops
  a gnome zombie
  3 geckos
  4 jackals
  3 foxes
  3 goblins
  a grid bug
  3 lichens
  2 kobold zombies
  4 newts
39 creatures vanquished.

No species were genocided or became extinct.

Game over:
                       ----------
                      /          \
                     /    REST    \
                    /      IN      \
                   /     PEACE      \
                  /                  \
                  |   BitterJesus    |
                  |      106 Au      |
                  |   killed by an   |
                  |    invisible     |
                  |     demilich     |
                  |                  |
                  |       2026       |
                 *|     *  *  *      | *
        _________)/\\_//(\/(/\)/\//\/|_)_______

Farvel BitterJesus the Valkyrie...

You died in The Dungeons of Doom on dungeon level 4 with 918 points,
and 106 pieces of gold, after 1774 moves.
You were level 4 with a maximum of 56 hit points when you died.

